TOP OF THE 1ST |
Cincinnati (NYP) Reds batting - Pitching for Eugene Emeralds : RHP Mark Duffy
|
Pitching: RHP Mark Duffy
|
|
Batting: SHB Bryan Johnston
|
0-0: Called Strike 0-1: Swinging Strike 0-2: Foul Ball, location: 2F 0-2: Ball 1-2: Strikes out swinging
|
Batting: LHB Fernando Gomez
|
0-0: Fly out, F6 (Popup, 6MD, EV 50.0 MPH)
|
Batting: RHB Ricky Carbajal
|
0-0: Called Strike 0-1: Fly out, F9 (Flyball, 89M, EV 88.8 MPH)
|
Top of the 1st over - 0 runs, 0 hits, 0 errors, 0 left on base; Cincinnati (NYP) 0 - Eugene 0 |
BOTTOM OF THE 1ST |
Eugene Emeralds batting - Pitching for Cincinnati (NYP) Reds : RHP Jesus Gallegos
|
Pitching: RHP Jesus Gallegos
|
|
Batting: RHB Garrett Granata
|
0-0: Ground out 3-1 (Groundball, 34S, EV 81.9 MPH)
|
Batting: LHB Mark Huey
|
0-0: Ball 1-0: Called Strike 1-1: Ball 2-1: Foul Ball, location: 2F 2-2: Fly out, F8 (Flyball, 8RS, EV 95.0 MPH)
|
Batting: LHB Trevor Spaulding
|
0-0: Ball 1-0: Ground out 5-3 (Groundball, 5D, EV 81.2 MPH)
|
Bottom of the 1st over - 0 runs, 0 hits, 0 errors, 0 left on base; Cincinnati (NYP) 0 - Eugene 0 |
TOP OF THE 2ND |
Cincinnati (NYP) Reds batting - Pitching for Eugene Emeralds : RHP Mark Duffy
|
Batting: RHB Jamie Ingram
|
0-0: Called Strike 0-1: Ball 1-1: Swinging Strike 1-2: Foul Ball, location: 2F 1-2: Foul Ball, location: 2F 1-2: SINGLE (Groundball, 6, EV 104.4 MPH)
|
Batting: RHB Felipe Pineda
|
0-0: Called Strike 0-1: Fly out, F4 (Popup, 4, EV 63.8 MPH)
|
Batting: RHB Kagetoki Kawai
|
0-0: Ball 1-0: Called Strike 1-1: Foul Ball, location: 2F 1-2: Ball 2-2: Ball 3-2: Strikes out swinging
|
Batting: RHB Danny Pontius
|
0-0: Ground out 5-3 (Groundball, 56S, EV 82.5 MPH)
|
Top of the 2nd over - 0 runs, 1 hit, 0 errors, 1 left on base; Cincinnati (NYP) 0 - Eugene 0 |
BOTTOM OF THE 2ND |
Eugene Emeralds batting - Pitching for Cincinnati (NYP) Reds : RHP Jesus Gallegos
|
Batting: RHB Jonathan Sotelo
|
0-0: Ball 1-0: Swinging Strike 1-1: Swinging Strike 1-2: Ball 2-2: Strikes out swinging
|
Batting: LHB Kwang-chih Men
|
0-0: Swinging Strike 0-1: Foul Ball, location: 2F 0-2: Fly out, F9 (Line Drive, 9, EV 93.1 MPH)
|
Batting: RHB Frank McArdle
|
0-0: Foul Ball, location: 2F 0-1: Foul Ball, location: 2F 0-2: Foul Ball, location: 2F 0-2: Strikes out swinging
|
Bottom of the 2nd over - 0 runs, 0 hits, 0 errors, 0 left on base; Cincinnati (NYP) 0 - Eugene 0 |
TOP OF THE 3RD |
Cincinnati (NYP) Reds batting - Pitching for Eugene Emeralds : RHP Mark Duffy
|
Batting: LHB Josiah Leath
|
0-0: Called Strike 0-1: Ball 1-1: Foul Ball, location: 2F 1-2: Strikes out swinging
|
Batting: LHB Antonio Molina
|
0-0: DOUBLE (Line Drive, 7LM, EV 100.6 MPH)
|
Batting: SHB Bryan Johnston
|
0-0: Fly out, F8 (Flyball, 89S, EV 97.5 MPH)
|
Batting: LHB Fernando Gomez
|
0-0: Foul Ball, location: 2F 0-1: Foul Ball, location: 2F 0-2: Ball 1-2: Strikes out swinging
|
Top of the 3rd over - 0 runs, 1 hit, 0 errors, 1 left on base; Cincinnati (NYP) 0 - Eugene 0 |
BOTTOM OF THE 3RD |
Eugene Emeralds batting - Pitching for Cincinnati (NYP) Reds : RHP Jesus Gallegos
|
Batting: RHB Brian Gargis
|
0-0: Ball 1-0: Foul Ball, location: 2F 1-1: Foul Ball, location: 2F 1-2: Fly out, F9 (Flyball, 9LM, EV 76.9 MPH)
|
Batting: RHB Adam Kelliher
|
0-0: Ball 1-0: Ball 2-0: Called Strike 2-1: Foul Ball, location: 2F 2-2: Strikes out swinging, 2-3 out at first.
|
Batting: RHB Jonathan Ridgely
|
0-0: Called Strike 0-1: Called Strike 0-2: Ball 1-2: Ball 2-2: Strikes out swinging, 2-3 out at first.
|
Bottom of the 3rd over - 0 runs, 0 hits, 0 errors, 0 left on base; Cincinnati (NYP) 0 - Eugene 0 |
TOP OF THE 4TH |
Cincinnati (NYP) Reds batting - Pitching for Eugene Emeralds : RHP Mark Duffy
|
Batting: RHB Ricky Carbajal
|
0-0: Ground out 6-3 (Groundball, 6, EV 78.1 MPH)
|
Batting: RHB Jamie Ingram
|
0-0: Ball 1-0: Ball 2-0: Called Strike 2-1: SINGLE (Groundball, 34D, EV 105.0 MPH)
|
Batting: RHB Felipe Pineda
|
0-0: Called Strike 0-1: SINGLE (Groundball, 56D, EV 95.6 MPH) Jamie Ingram to second
|
Batting: RHB Kagetoki Kawai
|
0-0: Ball 1-0: Fly out, F7 (Flyball, 7D, EV 101.2 MPH)
|
Batting: RHB Danny Pontius
|
0-0: Ball 1-0: Ground out 5-3 (Groundball, 6S, EV 85.6 MPH)
|
Top of the 4th over - 0 runs, 2 hits, 0 errors, 2 left on base; Cincinnati (NYP) 0 - Eugene 0 |
BOTTOM OF THE 4TH |
Eugene Emeralds batting - Pitching for Cincinnati (NYP) Reds : RHP Jesus Gallegos
|
Batting: RHB Garrett Granata
|
0-0: Ball 1-0: Called Strike 1-1: SOLO HOME RUN (Flyball, 7D, EV 90.0 MPH), Distance : 347 ft
|
Batting: LHB Mark Huey
|
0-0: Ball 1-0: Foul Ball, location: 2F 1-1: Ball 2-1: Ball 3-1: Foul Ball, location: 2F 3-2: Strikes out swinging
|
Batting: LHB Trevor Spaulding
|
0-0: Swinging Strike 0-1: Ball 1-1: Foul Ball, location: 2F 1-2: Strikes out swinging
|
Batting: RHB Jonathan Sotelo
|
0-0: Ball 1-0: Ball 2-0: Fly out, F9 (Line Drive, 9, EV 83.8 MPH)
|
Bottom of the 4th over - 1 run, 1 hit, 0 errors, 0 left on base; Cincinnati (NYP) 0 - Eugene 1 |
TOP OF THE 5TH |
Cincinnati (NYP) Reds batting - Pitching for Eugene Emeralds : RHP Mark Duffy
|
Batting: LHB Josiah Leath
|
0-0: Ball 1-0: Swinging Strike 1-1: Swinging Strike 1-2: Ball 2-2: Strikes out looking
|
Batting: LHB Antonio Molina
|
0-0: Called Strike 0-1: Foul Ball, location: 2F 0-2: Ball 1-2: Foul Ball, location: 2F 1-2: Ball 2-2: Ground out 4-3 (Groundball, 4S, EV 80.6 MPH)
|
Batting: SHB Bryan Johnston
|
0-0: Called Strike 0-1: Called Strike 0-2: Ball 1-2: Foul Ball, location: 2F 1-2: Strikes out swinging, 2-3 out at first.
|
Top of the 5th over - 0 runs, 0 hits, 0 errors, 0 left on base; Cincinnati (NYP) 0 - Eugene 1 |
BOTTOM OF THE 5TH |
Eugene Emeralds batting - Pitching for Cincinnati (NYP) Reds : RHP Jesus Gallegos
|
Batting: LHB Kwang-chih Men
|
0-0: Called Strike 0-1: SINGLE (Groundball, 6M, EV 101.9 MPH) (infield hit)
|
Batting: RHB Frank McArdle
|
0-0: Called Strike 0-1: Ball 1-1: Ball 2-1: Ball 3-1: Foul Ball, location: 2F 3-2: Strikes out looking
|
Batting: RHB Brian Gargis
|
0-0: Ball 1-0: Fielders Choice at 2nd, 6-4 (Groundball, 6, EV 99.4 MPH)
|
Batting: RHB Adam Kelliher
|
0-0: Ball 1-0: Ball Brian Gargis steals 2nd base (no throw) 2-0: TRIPLE (Flyball, 8LXD, EV 103.8 MPH) Brian Gargis scores
|
Batting: RHB Jonathan Ridgely
|
0-0: Ball 1-0: Ground out 5-3 (Groundball, 5S, EV 69.4 MPH)
|
Bottom of the 5th over - 1 run, 2 hits, 0 errors, 1 left on base; Cincinnati (NYP) 0 - Eugene 2 |
TOP OF THE 6TH |
Cincinnati (NYP) Reds batting - Pitching for Eugene Emeralds : RHP Mark Duffy
|
Batting: LHB Fernando Gomez
|
0-0: Ball 1-0: Called Strike 1-1: Foul Ball, location: 2F 1-2: Strikes out looking
|
Batting: RHB Ricky Carbajal
|
0-0: Fly out, F8 (Flyball, 78D, EV 105.6 MPH)
|
Batting: RHB Jamie Ingram
|
0-0: Ball 1-0: Ball 2-0: SOLO HOME RUN (Flyball, 7LD, EV 90.0 MPH), Distance : 346 ft
|
Batting: RHB Felipe Pineda
|
0-0: Ball 1-0: Ball 2-0: Called Strike 2-1: Ground out 4-3 (Groundball, 4, EV 80.6 MPH)
|
Top of the 6th over - 1 run, 1 hit, 0 errors, 0 left on base; Cincinnati (NYP) 1 - Eugene 2 |
BOTTOM OF THE 6TH |
Eugene Emeralds batting - Pitching for Cincinnati (NYP) Reds : RHP Jesus Gallegos
|
Batting: RHB Garrett Granata
|
0-0: Ball 1-0: Called Strike 1-1: Ball 2-1: Ground out 4-3 (Groundball, 4, EV 104.4 MPH)
|
Batting: LHB Mark Huey
|
0-0: Called Strike 0-1: Foul Ball, location: 2F 0-2: Foul Ball, location: 2F 0-2: Ball 1-2: Ball 2-2: Fly out, F7 (Flyball, 7S, EV 85.0 MPH)
|
Batting: LHB Trevor Spaulding
|
0-0: Called Strike 0-1: Ball 1-1: Swinging Strike 1-2: Strikes out swinging
|
Bottom of the 6th over - 0 runs, 0 hits, 0 errors, 0 left on base; Cincinnati (NYP) 1 - Eugene 2 |
TOP OF THE 7TH |
Cincinnati (NYP) Reds batting - Pitching for Eugene Emeralds : RHP Mark Duffy
|
Pitching: LHP Jesse Fields
|
|
Batting: RHB Kagetoki Kawai
|
0-0: Ball 1-0: Called Strike 1-1: Fly out, F7 (Flyball, 7LS, EV 98.8 MPH)
|
Batting: RHB Danny Pontius
|
0-0: Called Strike 0-1: Ground out 6-3 (Groundball, 6, EV 83.8 MPH)
|
Pinch Hitting: RHB Alex Cruz
|
0-0: Called Strike 0-1: Called Strike 0-2: Foul Ball, location: 2F 0-2: Strikes out swinging
|
Top of the 7th over - 0 runs, 0 hits, 0 errors, 0 left on base; Cincinnati (NYP) 1 - Eugene 2 |
BOTTOM OF THE 7TH |
Eugene Emeralds batting - Pitching for Cincinnati (NYP) Reds : RHP Jesus Gallegos
|
Now at 2B: Jeffrey Louter
|
|
Batting: RHB Jonathan Sotelo
|
0-0: Ball 1-0: Foul Ball, location: 2F 1-1: Foul Ball, location: 2F 1-2: SOLO HOME RUN (Line Drive, 7D, EV 95.6 MPH), Distance : 357 ft
|
Batting: LHB Kwang-chih Men
|
0-0: Ball 1-0: Foul Ball, location: 2F 1-1: Foul Ball, location: 2F 1-2: Foul Ball, location: 2F 1-2: Ball 2-2: Foul Ball, location: 2F 2-2: Foul Ball, location: 2F 2-2: Strikes out swinging
|
Batting: RHB Frank McArdle
|
0-0: Called Strike 0-1: Swinging Strike 0-2: Foul Ball, location: 2F 0-2: Foul Ball, location: 2F 0-2: Ball 1-2: Strikes out swinging
|
Batting: RHB Brian Gargis
|
0-0: Foul Ball, location: 2F 0-1: Ball 1-1: Ball 2-1: Foul Ball, location: 2F 2-2: Ball 3-2: Foul Ball, location: 2F 3-2: Strikes out swinging
|
Bottom of the 7th over - 1 run, 1 hit, 0 errors, 0 left on base; Cincinnati (NYP) 1 - Eugene 3 |
TOP OF THE 8TH |
Cincinnati (NYP) Reds batting - Pitching for Eugene Emeralds : LHP Jesse Fields
|
Batting: LHB Antonio Molina
|
0-0: Foul Ball, location: 2F 0-1: Called Strike 0-2: Ball 1-2: Ball 2-2: Foul Ball, location: 2F 2-2: Foul Ball, location: 2F 2-2: Strikes out swinging
|
Batting: SHB Bryan Johnston
|
0-0: Swinging Strike 0-1: Ball 1-1: Foul Ball, location: 2F 1-2: Ball 2-2: Strikes out swinging
|
Batting: LHB Fernando Gomez
|
0-0: Ball 1-0: Foul Ball, location: 2F 1-1: Ball 2-1: Foul Ball, location: 2F 2-2: Foul Ball, location: 2F 2-2: Strikes out swinging
|
Top of the 8th over - 0 runs, 0 hits, 0 errors, 0 left on base; Cincinnati (NYP) 1 - Eugene 3 |
BOTTOM OF THE 8TH |
Eugene Emeralds batting - Pitching for Cincinnati (NYP) Reds : RHP Jesus Gallegos
|
Pitching: LHP Bryan Ross
|
|
Batting: RHB Adam Kelliher
|
0-0: Ball 1-0: Ground out 6-3 (Groundball, 6, EV 80.6 MPH)
|
Batting: RHB Jonathan Ridgely
|
0-0: Ball 1-0: Swinging Strike 1-1: Foul Ball, location: 2F 1-2: Foul Ball, location: 2F 1-2: Strikes out looking
|
Batting: RHB Garrett Granata
|
0-0: Ball 1-0: Called Strike 1-1: Foul Ball, location: 2F 1-2: Strikes out looking
|
Bottom of the 8th over - 0 runs, 0 hits, 0 errors, 0 left on base; Cincinnati (NYP) 1 - Eugene 3 |
TOP OF THE 9TH |
Cincinnati (NYP) Reds batting - Pitching for Eugene Emeralds : LHP Jesse Fields
|
Pitching: LHP Mike Alexander
|
|
Batting: RHB Ricky Carbajal
|
0-0: Called Strike 0-1: Ball 1-1: Foul Ball, location: 2F 1-2: Ball 2-2: Ground out 6-3 (Groundball, 6, EV 81.9 MPH)
|
Batting: RHB Jamie Ingram
|
0-0: Foul Ball, location: 2F 0-1: Swinging Strike 0-2: Ball 1-2: Strikes out swinging
|
Batting: RHB Felipe Pineda
|
0-0: Fly out, F4 (Popup, 4S, EV 76.2 MPH)
|
Top of the 9th over - 0 runs, 0 hits, 0 errors, 0 left on base; Cincinnati (NYP) 1 - Eugene 3 |
|